Description

For personal use

Replay - Dayshi v Snute: Game 1 - Blackpink LE

Build Order

Get SALT Encoding   

  12  0:00  Drone  
  13  0:12  Overlord  
  13  0:17  Drone  
  14  0:30  Drone x2  
  14  0:34  Drone  
  17  0:44  Spawning Pool  
  17  0:47  Drone  
  17  1:07  Hatchery  
  17  1:09  Drone  
  17  1:13  Drone  
  17  1:16  Extractor  
  17  1:18  Drone  
  18  1:31  Zergling x2, Queen  
  21  1:38  Overlord  
  21  1:49  Drone  
  22  2:03  Drone  
  22  2:06  Queen  
  25  2:11  Drone  
  26  2:15  Metabolic Boost  
  26  2:19  Drone, Queen  
  26  2:22  Drone  
  31  2:30  Drone  
  31  2:35  Overlord  
  31  2:37  Drone  
  31  2:38  Drone x2  
  31  2:41  Drone  
  35  2:46  Overlord  
  36  2:51  Drone  
  36  3:03  Overlord  
  36  3:04  Drone  
  36  3:06  Drone  
  36  3:09  Drone x2  
  39  3:14  Drone, Hatchery  
  39  3:16  Drone  
  39  3:17  Drone  
  42  3:20  Drone  
  42  3:24  Queen  
  44  3:32  Queen  
  46  3:34  Zergling x4  
  46  3:38  Zergling x4  
  50  3:44  Drone x4  
  50  3:45  Drone  
  55  3:53  Drone x2  
  55  3:54  Drone x2  
  59  3:56  Drone  
  60  4:04  Overlord  
  60  4:07  Overlord  
  60  4:14  Roach Warren  
  60  4:15  Drone  
  60  4:17  Extractor  
  60  4:20  Overlord  
  60  4:21  Queen  
  60  4:23  Drone x2, Queen  
  65  4:24  Drone  
  65  4:26  Overlord  
  65  4:30  Drone x2  
  68  4:32  Drone x2  
  68  4:34  Drone  
  68  4:36  Overlord  
  69  4:47  Evolution Chamber  
  69  4:48  Evolution Chamber  
  69  4:52  Zergling x8  
  71  4:55  Roach x3  
  71  4:58  Roach x2  
  81  5:03  Roach x3  
  87  5:13  Drone  
  88  5:14  Drone x4  
  89  5:21  Zerg Ground Armor Level 1  
  89  5:24  Drone x4  
  89  5:27  Drone x3  
  96  5:32  Overlord  
  96  5:33  Drone  
  97  5:41  Overlord x2  
  97  5:43  Zerg Missile Weapons Level 1  
  97  5:44  Overlord  
  97  5:45  Extractor  
  97  5:47  Overlord  
  97  5:48  Overlord  
  96  5:51  Overlord  
  93  6:01  Lair  
  91  6:05  Drone x6  
  91  6:06  Drone x3  
  91  6:10  Drone x3  
  103  6:11  Drone  
  103  6:12  Drone x2  
  103  6:17  Drone  
  106  6:19  Extractor  
  106  6:20  Extractor  
  106  6:21  Drone x2  
  106  6:27  Extractor, Roach  
  106  6:29  Overlord  
  106  6:30  Hatchery  
  102  6:36  Queen  
  102  6:37  Overlord  
  104  6:47  Roach x3  
  104  6:48  Roach x7  
Spawning Tool Build Advisor. Get it on Overwolf

Analysis

For personal use

Go to:

Details

  • Created by: englishkniggit
  • Published on: Mar 05, 2018
  • Modified on: Mar 05, 2018
  • Patch: 4.0.0
Show
View Real Time Build Order
Export as new Build Order

Comments (0)

There are no comments. Be the first!

Create an account to comment!